 Dungeon Crawl Stone Soup version 0.31.0 (webtiles) character file.

Game seed: 13370374642688710610

952 Megalobster the Cleaver (level 7, -3/57 HPs)
             Began as a Minotaur Berserker on Jan 19, 2024.
             Was a Priest of Trog.
             Killed from afar by a gargoyle (21 damage)
             ... with a stone arrow
             ... on level 7 of the Dungeon.
             The game lasted 00:09:36 (3356 turns).

Megalobster the Cleaver (Minotaur Berserker)        Turns: 3356, Time: 00:09:36

Health: -3/57      AC:  7    Str: 24    XL:     7   Next: 90%
Magic:  6/6        EV: 10    Int:  4    God:    Trog [***...]
Gold:   207        SH:  0    Dex:  9    Spells: 6/6 levels left

rFire   . . .        a - +0 war axe
rCold   . . .        (no shield)
rNeg    . . .        g - +0 scale mail
rPois   .            (helmet restricted)
rElec   .            (no cloak)
rCorr   .            (no gloves)
SInv    .            (no boots)
Will    ++...        (no amulet) Stlth
                     (no ring)
HPRegen 1.29/turn    (no ring)
MPRegen 0.10/turn

%: no passive effects
@: strong-willed, regenerating
A: horns 2, retaliatory headbutt
a: Renounce Religion, Berserk, Trog's Hand


You were on level 7 of the Dungeon.
You worshipped Trog.
Trog was most pleased with you.
You visited 1 branch of the dungeon, and saw 5 of its levels.

You collected 207 gold pieces.

Inventory:

Hand Weapons
 a - a +0 war axe (weapon)
 b - a +0 flail of protection
 t - a +0 hand axe
Missiles
 c - 38 stones (quivered)
 o - 4 throwing nets {!f}
Armour
 g - a +0 scale mail (worn)
 p - a +0 animal skin
 v - a +0 scale mail
Jewellery
 s - an amulet of the acrobat
Scrolls
 d - a scroll of vulnerability
 h - a scroll of torment {unknown}
 k - a scroll of acquirement {unknown}
Potions
 e - a potion of heal wounds {unknown}
 f - 2 potions of enlightenment
 j - a potion of haste {unknown}
 l - 2 potions of curing {@q1}
 m - a potion of magic
 n - a potion of lignification {unknown}
 q - a potion of mutation {unknown}
 u - a potion of might {unknown}


   Skills:
 - Level 3.6 Fighting
 * Level 9.6 Axes
 + Level 6.7 Armour
 - Level 2.1 Dodging


You had 6 spell levels left.
You didn't know any spells.
Your spell library was empty.

Dungeon Overview and Level Annotations

Branches:
Dungeon (7/15)
 Temple: D:4-7

Altars:
Nemelex Xobeh
Trog

Annotations:
D:3 2 transporters, dorian's ghost, amateur OpSh


Innate Abilities, Weirdness & Mutations

You have a pair of horns on your head.
You reflexively headbutt those who attack you in melee.


Message History

You headbutt the deep elf pyromancer!
You kill the deep elf pyromancer!
Trog accepts your kill.
Trog appreciates your killing of a magic user.
Your life force feels restored.
Your Axes skill increases to level 9!
Your Armour skill increases to level 6!
Things that are here:
a +1 dagger of pain; an elf corpse You start resting.
You feel a strong urge to attack something.
You are no longer berserk.
You are exhausted.
You feel yourself slow down.
You start resting.
HP restored.
You start waiting.
You feel yourself speed up.
A gargoyle comes into view. It is wielding a +0 morningstar.
You hear the hiss of a very distant avalanche of sand.
The gargoyle hits you with a +0 morningstar!
You hit the gargoyle but do no damage.
The gargoyle hits you with a +0 morningstar!!
The gargoyle barely misses you.
You're still recovering from your berserk rage.
The gargoyle attacks as it pursues you!
The gargoyle hits you with a +0 morningstar!
* * * LOW HITPOINT WARNING * * *
Okay, then.
As you read the scroll of fog, it dissolves into smoke.
You recover from your berserk rage.
The gargoyle hurls a stone arrow at you.
The stone arrow misses you.
Your skin crawls.
You feel strong-willed. The gargoyle barely misses you.
You furiously retaliate!
You headbutt the gargoyle!
The gargoyle hurls a stone arrow at you.
The stone arrow hits you!!
You die...

##### #####...#
###.....#.####
#######.§§§§.#.)...##
.......§#§§#.....#..# #. #
#@§9§##...##...# #.
#§§§§###.###....# #.#
##§###§##.# .###.# #.#
######...###.#.# # .# #.#
#.........####.####.. #
#.###)............8.....#
#...))........####.####..#
### #..##)....#..## #.#
... #..##.....#.###.##.#


You could see a gargoyle.

Vanquished Creatures
  A deep elf pyromancer (D:7)
  A kobold brigand (D:7)
  A scorpion (D:4)
  A jelly (D:4)
  An orc priest (D:4)
  2 iguanas
  3 orc wizards (D:4)
  7 gnolls (D:3)
  2 adders
  A shadow imp (D:7)
  A dart slug (D:3)
  2 ribbon worms (D:2)
  12 orcs
  5 ball pythons
  8 bats
  6 endoplasms
  3 giant cockroaches
  9 goblins
  8 hobgoblins
  2 jackals (D:1)
  4 quokkas
  5 frilled lizards
  18 kobolds
  7 rats
110 creatures vanquished.

Notes
Turn   | Place    | Note
-------+----------+-------------------------------------------
     0 | D:1      | Megalobster the Minotaur Berserker began the quest for the
                  | Orb.
     0 | D:1      | Reached XP level 1. HP: 19/19 MP: 0/0
    62 | D:1      | Reached skill level 4 in Axes
    66 | D:1      | Reached XP level 2. HP: 26/26 MP: 1/1
   663 | D:1      | Reached ** piety under Trog
   689 | D:1      | Reached XP level 3. HP: 30/31 MP: 2/2
  1032 | D:2      | Reached skill level 5 in Axes
  1122 | D:2      | Reached XP level 4. HP: 30/39 MP: 3/3
  2016 | D:3      | Found a bloodstained altar of Trog.
  2019 | D:3      | Reached skill level 6 in Axes
  2062 | D:3      | Reached XP level 5. HP: 42/45 MP: 4/4
  2106 | D:3      | Found a sparkling altar of Nemelex Xobeh.
  2455 | D:3      | Noticed dorian's ghost (amateur OpSh)
  2458 | D:3      | Found a transporter.
  2458 | D:3      | Found a transporter.
  2458 | D:3      | Noticed an ogre
  2465 | D:3      | Noticed an ogre
  2713 | D:3      | Reached *** piety under Trog
  2801 | D:4      | Reached skill level 7 in Axes
  2801 | D:4      | Reached XP level 6. HP: 51/51 MP: 5/5
  2983 | D:4      | Reached skill level 5 in Armour
  3217 | D:4      | You fall into a shaft and drop 3 floors!
  3232 | D:7      | Reached skill level 8 in Axes
  3232 | D:7      | Reached XP level 7. HP: 57/57 MP: 6/6
  3309 | D:7      | Noticed a deep elf pyromancer
  3317 | D:7      | Killed a deep elf pyromancer
  3318 | D:7      | Reached skill level 9 in Axes
  3349 | D:7      | Noticed a gargoyle
  3356 | D:7      | Killed from afar by a gargoyle

Illustrated notes

Levels and vault maps discovered:
D:1:      dpeg_arrival_leaves_temple_mockup, layout_loops_cross
D:2:      layout_basic, minmay_close_crescents
D:3:      layout_loops_cross, nemelex_spade_bored_becter,
          trog_three_pillars_becter, gammafunk_ghost_smash
D:4:      layout_loops_ring
D:7:      layout_loops_ring, enter_ossuary_2, kb_rosetta

Skill      XL: |  1  2  3  4  5  6  7 |
---------------+----------------------+-----
Axes           | 4 5 6 7 8 9 |  9.6
Armour         | 3 4 5 6 |  6.7
Fighting       | |  3.6
Dodging        | |  2.1

Action                     |  1- 3 |  4- 6 |  7- 9 || total
---------------------------+-------+-------+-------++-------
  Melee: Hand axe          |    72 |    62 |       ||   134
         Headbutt          |     5 |    17 |     1 ||    23
         War axe           |       |    84 |    13 ||    97
         Punch             |       |     1 |       ||     1
 Invoke: Berserk           |     1 |     5 |     1 ||     7
         Trog's Hand       |       |     1 |     1 ||     2
    Use: Scroll            |       |     5 |     1 ||     6
 Armour: Animal skin       |    33 |       |       ||    33
         Scale mail        |     3 |   124 |    10 ||   137
  Dodge: Dodged            |    54 |    84 |     7 ||   145
